 Dungeon Crawl Stone Soup version 0.18-b1-18-g7758cf2 (webtiles) character file.

5482 Gargoyl the Protected (level 10, -10/84 HPs)
             Began as a Demonspawn Abyssal Knight on May 2, 2016.
             Was a High Priest of Lugonu.
             Engulfed by a cloud of flame (14 damage)
             ... on level 9 of the Dungeon.
             The game lasted 00:21:21 (7691 turns).

Gargoyl the Protected (Demonspawn Abyssal Knight)   Turns: 7691, Time: 00:21:21

Health: -10/84     AC: 22    Str: 14 (15) XL:     10   Next: 42%
Magic:  11/11      EV:  4    Int: 12 (14) God:    Lugonu [*****.]
Gold:   475        SH: 12    Dex: 13      Spells: 0 memorised, 9 levels left

rFire  . . .     SeeInvis .     a - +2 hand axe
rCold  . . .     Gourm    .     r - +0 plate armour
rNeg   . . .     Faith    .     z - +2 shield
rPois  .         Spirit   .     b - +2 hat
rElec  .         Dismiss  .     m - +2 cloak
rCorr  .         Reflect  .     (gloves unavailable)
SustAt .         Harm     .     H - +2 pair of boots
MR     .....     Rnd*Rage +     F - amulet of magic regeneration
Stlth  ..........               (no ring)
                                (no ring)

@: not resistant to hostile enchantments, extremely unstealthy
A: claws 3, hooves 2, horns 1, berserk 1, blink, blurry vision 2, powered by
death 2, robust 1, screaming 1
a: Blink, Depart the Abyss, Bend Space, Banish, Corrupt, Enter the Abyss,
Renounce Religion


You were on level 9 of the Dungeon.
You worshipped Lugonu.
Lugonu was extremely pleased with you.
You were not hungry.

You visited 1 branch of the dungeon, and saw 9 of its levels.
You visited the Abyss 1 time.
You also visited: Sewer.

You collected 655 gold pieces.
You spent 180 gold pieces at shops.

Inventory:

Hand Weapons
 a - a +2 hand axe (weapon)
 w - a +0 flail
 y - a +1 vampiric spear
Armour
 b - a +2 hat (worn)
 m - a +2 cloak (worn)
 r - a +0 plate armour (worn)
 x - a +2 pair of gloves of dexterity
 z - a +2 shield (worn)
 H - a +2 pair of boots (worn)
Jewellery
 F - an amulet of magic regeneration (around neck)
Wands
 f - a wand of acid (4/15)
 B - a wand of flame (22/48)
 J - a wand of flame (29/48)
Scrolls
 d - 7 scrolls of teleportation
 h - 4 scrolls of remove curse
 k - 6 scrolls of identify
 n - 2 scrolls of immolation
 p - 3 scrolls of magic mapping
 q - a scroll of noise
 C - a scroll of enchant weapon
 G - 2 scrolls of fear
 I - a scroll of vulnerability {unknown}
Potions
 j - 5 potions of flight
 l - a potion of might
 t - 5 potions of curing
 u - 4 potions of magic
 v - a potion of lignification
 D - a potion of invisibility {unknown}
Books
 e - a Necronomicon

   Spells                             Type                      Level
   a - Haunt                          Necromancy/Summoning         7
   b - Borgnjor's Revivification      Necromancy                   8
   c - Death's Door                   Charms/Necromancy            8
   d - Necromutation                  Transmutation/Necromancy     8
Comestibles
 c - 5 bread rations
 g - 5 meat rations
 i - a royal jelly
 o - 10 slices of pizza
 s - 2 beef jerkies
 A - 7 chunks of flesh


   Skills:
 + Level 6.9 Fighting
 + Level 6.6 Axes
 * Level 9.1 Armour
 + Level 3.6 Dodging
 + Level 0.2 Stealth
 + Level 6.0 Shields
 + Level 2.6 Invocations


You had 9 spell levels left.
You didn't know any spells.

Dungeon Overview and Level Annotations

Branches:
Dungeon (9/15)             Temple (0/1) D:7            Lair (0/8) D:9
    Orc: D:9-12

Altars:
Fedhas
Gozag
Pakellas
Vehumet
Xom
The Shining One

Shops:
D:8 ?


Innate Abilities, Weirdness & Mutations

You have claws for hands.
You have hoof-like feet.
You have a pair of small horns on your head.
You regenerate health from kills.
You tend to lose your temper in combat.
You can translocate small distances at will.
Scrolls take you longer to read.
You are robust (+10% HP).
You occasionally shout uncontrollably at your foes.


Message History

Your plate armour prevents you from hitting the adder zombie.
The centaur barely misses you.
The adder zombie bites you but does no damage.
The phantom blinks!
Your plate armour prevents you from hitting the centaur.
The centaur is severely wounded.
You closely miss the adder zombie. You block the centaur's attack.
You block the adder zombie's attack. The centaur completely misses you.
Unknown command.
You hit the centaur.
The centaur explodes!
The fiery explosion engulfs the adder zombie.
The adder zombie explodes!
The fiery explosion engulfs you! Lugonu accepts your kill.
The fiery explosion engulfs you!
* * * LOW HITPOINT WARNING * * *
Lugonu accepts your kill.
You are engulfed in roaring flames.
You die...

#.............##.....#...#
#...<............}##...##
#..............#####....#
#..W.........# ###....
#(...........# ##......
##.(.........###..PP...
#......................
#..(.(.......#.......>.
#...§§@§.....##..P.....
#....§§§.....###.......
##..§§.§...... ##......
#.......##....####....
#....................#
..............#########
.............
..........##..


You could see a phantom (inner flame).

Vanquished Creatures
  Pikel (D:4)
  An elephant (D:9)
  2 yaks
  A human (D:8)
  A hippogriff (D:7)
  An orc warrior (D:8)
  2 sky beasts (D:7)
  An ice beast (D:6)
  2 phantoms
  A necrophage (D:8)
  4 ogres
  4 centaurs
  2 crocodiles (D:9)
  The ghost of volde25 the Skirmisher, an amateur GrFi (D:6)
  A gnoll sergeant (D:4)
  3 giant frogs
  A wyvern zombie (D:9)
  A water moccasin zombie (D:5)
  6 scorpions
  6 killer bees
  4 howler monkeys
  2 crimson imps (D:9)
  3 giant frog zombies (D:5)
  A quasit (D:7)
  2 jellies
  A centaur skeleton (D:6)
  3 hounds
  5 centaur zombies (D:5)
  4 orc priests
  6 orc wizards
  An iguana (D:7)
  5 worker ants
  A killer bee zombie (D:5)
  3 sheep (D:8)
  A hound zombie (D:5)
  A hound skeleton (D:4)
  3 howler monkey zombies
  2 worker ant zombies
  9 gnolls
  15 adders
  2 river rats (D:5)
  3 oozes
  3 adder zombies
  6 worms
  3 dart slugs
  7 giant geckos
  26 orcs
  2 ball pythons
  3 giant cockroaches
  13 hobgoblins
  6 jackals
  5 kobolds
  4 quokkas
  A ball python zombie (D:5)
  8 bats
  A giant cockroach zombie (D:5)
  3 giant gecko skeletons
  A giant gecko zombie (D:5)
  13 giant newts
  11 goblins
  3 jackal zombies (D:5)
  2 quokka skeletons (D:5)
  2 quokka zombies (D:5)
  10 rats
  A fungus (D:3)
253 creatures vanquished.

Vanquished Creatures (others)
  A jelly (D:4)
  An orc wizard (D:5)
  An orc (D:9)
3 creatures vanquished.

Grand Total: 256 creatures vanquished

Notes
Turn   | Place    | Note
--------------------------------------------------------------
     0 | Abyss:1  | Gargoyl the Demonspawn Abyssal Knight began the quest for the Orb.
     0 | Abyss:1  | Reached XP level 1. HP: 18/18 MP: 2/2
     0 | Abyss:1  | Found a corrupted altar of Lugonu.
    62 | Abyss:2  | Noticed a red devil
    72 | Abyss:2  | Noticed an ancient zyme
    76 | Abyss:2  | Noticed an ancient zyme
    93 | Abyss:2  | Noticed a raiju
    94 | Abyss:2  | Noticed a starcursed mass
    95 | D:1      | Escaped the Abyss
   317 | D:1      | Reached skill level 2 in Armour
   323 | D:1      | Gained mutation: You have a pair of small horns on your head. [demonic ancestry]
   323 | D:1      | Reached XP level 2. HP: 17/24 MP: 3/3
   379 | D:1      | Reached * piety under Lugonu
   698 | D:1      | Gained mutation: You regenerate a little health from kills. [demonic ancestry]
   698 | D:1      | Reached XP level 3. HP: 28/29 MP: 4/4
   739 | D:1      | Reached skill level 1 in Dodging
   872 | D:2      | Reached skill level 3 in Armour
   962 | D:2      | Reached ** piety under Lugonu
  1157 | D:2      | Reached XP level 4. HP: 33/35 MP: 5/5
  1941 | D:3      | Gained mutation: You regenerate health from kills. [demonic ancestry]
  1941 | D:3      | Reached XP level 5. HP: 42/42 MP: 6/6
  1966 | D:3      | Reached *** piety under Lugonu
  1985 | D:3      | Found an oddly glowing altar of Pakellas.
  2719 | D:4      | Reached skill level 4 in Armour
  2946 | D:4      | Noticed a phantom
  3038 | D:4      | Killed a phantom
  3038 | D:4      | Reached XP level 6. HP: 40/48 MP: 7/7
  3288 | D:4      | Reached skill level 5 in Armour
  3400 | D:4      | Noticed a slave
  3400 | D:4      | Noticed a slave
  3401 | D:4      | Noticed a slave
  3402 | D:4      | Noticed Pikel
  3402 | D:4      | Noticed a slave
  3454 | D:4      | Killed Pikel
  3454 | D:4      | Reached skill level 6 in Armour
  3454 | D:4      | Gained mutation: You have large cloven feet. [demonic ancestry]
  3454 | D:4      | Reached XP level 7. HP: 23/55 MP: 8/8
  3503 | D:4      | Found a blossoming altar of Fedhas.
  3580 | D:4      | Reached skill level 1 in Shields
  3615 | D:4      | Gained mutation: You have sharp fingernails. [demonic ancestry]
  3615 | D:4      | Reached XP level 8. HP: 59/61 MP: 9/9
  3629 | D:4      | Reached **** piety under Lugonu
  3774 | D:5      | Entered Level 5 of the Dungeon
  3927 | D:5      | Found a shimmering altar of Xom.
  4031 | D:5      | Reached skill level 5 in Fighting
  4113 | D:5      | Reached skill level 7 in Armour
  4114 | D:5      | Found a glowing drain.
  4128 | Sewer    | Entered a sewer
  4263 | D:5      | Reached skill level 5 in Axes
  4480 | D:5      | Reached ***** piety under Lugonu
  4788 | D:6      | Gained mutation: You have very sharp fingernails. [demonic ancestry]
  4788 | D:6      | Reached XP level 9. HP: 68/68 MP: 10/10
  4987 | D:6      | Noticed volde25's ghost (amateur GrFi)
  5006 | D:6      | Killed volde25's ghost
  5237 | D:6      | Found an opulent altar of Gozag.
  5238 | D:6      | Found a glowing golden altar of the Shining One.
  5453 | D:7      | Found a radiant altar of Vehumet.
  5609 | D:7      | Gained mutation: You have claws for hands. [mutagenic meat]
  5610 | D:7      | Gained mutation: You can translocate small distances at will. [mutagenic meat]
  5611 | D:7      | Gained mutation: You are resistant to hostile enchantments. [mutagenic meat]
  5612 | D:7      | Gained mutation: You occasionally shout uncontrollably at your foes. [mutagenic meat]
  5614 | D:7      | Gained mutation: You tend to lose your temper in combat. [mutagenic meat]
  5677 | D:7      | Found a staircase to the Ecumenical Temple.
  5846 | D:7      | Reached skill level 8 in Armour
  6122 | D:7      | Lost mutation: You are resistant to hostile enchantments. [mutagenic meat]
  6123 | D:7      | Gained mutation: You are robust (+10% HP). [mutagenic meat]
  6124 | D:7      | Gained mutation: Scrolls take you a little longer to read. [mutagenic meat]
  6125 | D:7      | Gained mutation: Scrolls take you longer to read. [mutagenic meat]
  6423 | D:8      | Found Vuof's Magic Scroll Shoppe.
  6426 | D:8      | Bought a scroll of enchant armour for 90 gold pieces
  6426 | D:8      | Bought a scroll of enchant armour for 90 gold pieces
  6481 | D:8      | Reached skill level 5 in Shields
  6489 | D:8      | Gained mutation: You have hoof-like feet. [demonic ancestry]
  6489 | D:8      | Reached XP level 10. HP: 84/84 MP: 11/11
  7435 | D:9      | Found a staircase to the Lair.
  7436 | D:9      | Noticed an elephant
  7471 | D:9      | Killed an elephant
  7471 | D:9      | Reached skill level 9 in Armour
  7691 | D:9      | HP: 4/84 [centaur/exploding inner flame[the player character] (35)]
  7691 | D:9      | Engulfed by a cloud of flame

Skill      XL: |  1  2  3  4  5  6  7  8  9 10 |
---------------+-------------------------------+-----
Armour         | 2 3 4 6 7 8 9 |  9.1
Dodging        | 1 2 3 |  3.6
Axes           | 2 3 4 5 6 |  6.6
Fighting       | 4 5 6 |  6.9
Shields        | 1 3 5 6 |  6.0
Stealth        | |  0.2
Invocations    | |  2.6

Action                   |  1- 3 |  4- 6 |  7- 9 | 10-12 || total
-------------------------+-------+-------+-------+-------++-------
Melee: Hand axe          |   138 |   358 |   633 |   326 ||  1455
       Headbutt          |    11 |    64 |   137 |    52 ||   264
       Kick              |       |       |    62 |       ||    62
Invok: Depart the Abyss  |     1 |       |       |       ||     1
  Use: Scroll            |     7 |     1 |    12 |     1 ||    21
       Potion            |       |     2 |     5 |       ||     7
  Eat: Chunk             |     1 |     7 |    23 |     4 ||    35
       Pizza             |       |       |     1 |       ||     1
       Beef jerky        |       |       |       |     1 ||     1
Armor: Chain mail        |   103 |    14 |       |       ||   117
       Plate armour      |       |   313 |   725 |   257 ||  1295
Dodge: Dodged            |    61 |    76 |   119 |    42 ||   298
Block: Shield            |       |    12 |   416 |   196 ||   624
